 Dungeon Crawl Stone Soup version 0.28-a0-474-g535839065c (webtiles) character file.

Game seed: 16731232852844807569

0 spiderkeys the Skirmisher (level 1, -6/16 HPs)
             Began as an Octopode Abyssal Knight on Sept 15, 2021.
             Was a Follower of Lugonu.
             Mangled by a large abomination (20 damage)
             ... while paralysed by a great orb of eyes
             ... on level 2 of the Abyss.
             The game lasted 00:00:22 (68 turns).

spiderkeys the Skirmisher (Octopode Abyssal Knight)   Turns: 68, Time: 00:00:22

Health: -6/16      AC:  1    Str: 11    XL:     1   Next: 0%
Magic:  2/2        EV:  2    Int: 14    God:    Lugonu [*.....]
Gold:   0          SH:  0    Dex: 11    Spells: 0/0 levels left

rFire   . . .      SeeInvis .   a - +1 spear
rCold   . . .      Faith    .   (no shield)
rNeg    . . .      Spirit   .   (helmet restricted)
rPois   .          Reflect  .   (no amulet)
rElec   .          Harm     .   (no ring)
rCorr   .          Rampage  .   (no ring)
Will    .....                   (no ring)
Stlth   ++........              (no ring)
HPRegen 0.05/turn               (no ring)
MPRegen 0.08/turn               (no ring)
                                (no ring)
                                (no ring)

@: paralysed
A: almost no armour, amphibious, 8 rings, camouflage 1, gelatinous body 1,
(nimble swimmer 1), tentacles
a: Renounce Religion, Depart the Abyss


You were on level 2 of the Abyss.
You worshipped Lugonu.
Lugonu was aware of your devotion.
You visited 0 branches of the dungeon, and saw 0 of its levels.
You visited the Abyss 1 time.


Innate Abilities, Weirdness & Mutations

You cannot wear most types of armour.
You are amphibious.
You can wear up to eight rings at the same time.
Your skin changes colour to match your surroundings (Stealth+).
Your rubbery body absorbs attacks. (AC +1, EV +1)
((You are camouflaged near water. (Stealth+)))
You have tentacles for arms and can constrict up to eight enemies at once.


   Skills:
 + Level 3.0 Fighting
 + Level 2.0 Polearms
 + Level 2.3 Dodging
 + Level 2.0 Invocations


You couldn't memorise any spells.
You didn't know any spells.
Your spell library was empty.

Inventory:

Hand Weapons
 a - a +1 spear (weapon)
Scrolls
 b - a scroll of identify {unknown}
Potions
 c - a potion of degeneration {unknown}

Dungeon Overview and Level Annotations

Branches:
Dungeon (0/15)

Altars:

≈§ §§§#≈..§≈§§
≈≈§#≈§§.....§ §
≈§≈§§≈§..§..§§ ≈≈
§≈§≈§§......#..§
≈≈≈§§§§#.§§........ §§
.≈≈≈§..........(
§≈§≈≈≈≈.§...........
≈≈§≈§≈≈....$X@.......
§≈≈..≈................
≈§≈§ ≈≈.............#..
≈§ §≈≈........[G.......
§§≈≈≈≈..................
≈§≈≈≈.............§§....
§§≈≈....................
≈§≈............#....§...
≈≈...........≈.≈≈..≈≈..


You could see a great orb of eyes and a large abomination.


Message History

🤖 Initializing magus.rc ...
Options error: Delay interrupt name "hungry" not recognised. (~/.crawlrc:4988) ✅ Successfully initialized magus.rc [v1.9.10] Welcome, spiderkeys the Octopode Abyssal Knight.
Will you be the one to retrieve the transcendent Orb of Zot from the depths?
Lugonu says: Depart the Abyss and spread corruption, my servant! (use the ability menu to exit the Abyss) Press ? for a list of commands and other information.
Found a corrupted altar of Lugonu.
Found a rapier.
Found a gateway leading out of the Abyss.
b - a scroll labelled ZEISOYLAAQ
Found a gateway leading deeper into the Abyss.
Found a morningstar.
Found a gateway leading deeper into the Abyss.
Found a gateway leading deeper into the Abyss.
A chaos spawn comes into view.
A tentacled starspawn comes into view.
A tentacle flies out from the starspawn's body!
A starspawn tentacle comes into view.
The chaos spawn gurgles horribly!
An ancient zyme comes into view.
You feel yourself growing ill in the presence of the ancient zyme.
There is a gateway leading deeper into the Abyss here.
You plunge deeper into the Abyss.
Found a metallic white potion and a robe.
Found a corrupted altar of Lugonu.
Found a gateway leading out of the Abyss.
c - a metallic white potion
Found a gateway leading out of the Abyss.
You see here a +0 dagger of draining.
A large abomination comes into view.
A great orb of eyes comes into view.
The great orb of eyes gazes at you.
Your mind is blasted! 😕 HP[-2]
You take 2 damage, and now have 14/16 hp.
The great orb of eyes gazes at you.
You suddenly lose the ability to move!
The large abomination hits you!!
Ouch! That really hurt!
You die...

Levels and vault maps discovered:
Abyss:2:  base: Temple, minivault_20

Notes
Turn   | Place    | Note
-------+----------+-------------------------------------------
     0 | Abyss:1  | spiderkeys the Octopode Abyssal Knight began the quest for
                  | the Orb.
     0 | Abyss:1  | Reached XP level 1. HP: 16/16 MP: 2/2
     0 | Abyss:1  | magus.rc [v1.9.10]
    30 | Abyss:1  | Noticed a chaos spawn
    31 | Abyss:1  | Noticed a tentacled starspawn
    37 | Abyss:1  | Noticed an ancient zyme
    44 | Abyss:2  | Found a corrupted altar of Lugonu.
    59 | Abyss:2  | Noticed a large abomination
    61 | Abyss:2  | Noticed a great orb of eyes
    67 | Abyss:2  | Paralysed by a great orb of eyes for 4 turns
    68 | Abyss:2  | Mangled by a large abomination

Vanquished Creatures (others)
  2 starspawn tentacles (Abyss:1)
2 creatures vanquished.

Table legend:
 A = Non-vault XP
 B = Vault XP
 C = Vault XP percentage of total XP
 D = Non-vault monster count
 E = Vault monster count
 F = Vault count percentage of total count
                 A         B        C        D         E       F
            +---------+---------+-------+---------+---------+-------
      Total |       0 |       0 |   N/A |       0 |       0 |  -nan
            +---------+---------+-------+---------+---------+-------
            +---------+---------+-------+---------+---------+-------

Illustrated notes

Table legend: (Time is in decaauts)
 A = Elapsed time spent in this place.
 B = Non-inter-level travel time spent in this place.
 C = Inter-level travel time spent in this place.
 D = Time resting spent in this place.
 E = Time spent auto-exploring this place.
 F = Levels seen in this place.
 G = Mean time per level.
                   A        B        C        D        E       F      G
               +--------+--------+--------+--------+--------+-----+--------+
         Total |     67 |     67 |      0 |      0 |      0 |   2 |   33.5 |
         Abyss |     67 |     67 |      0 |      0 |      0 |   2 |   33.5 |
               +--------+--------+--------+--------+--------+-----+--------+

Top non-repeatable levels by time:
 Abyss:1: 44 daAuts
 Abyss:2: 23 daAuts
